AoeStats
← dollabillzz_billyGOAT

Marketplace

504400098Analyzed
1v1 RM · 28d ago on Sep 5, 2026· 87m 59s· 2 players
Game mode
Random Map
Map size
Tiny (2 player)
Population
200
Speed
Normal
Resources
Standard
Victory
Conquest
Starting age
Dark Age
Ending age
Imperial Age
RankedLock teamsTeams togetherTeam positionsShared explorationLock speedFull tech treeHidden civsTurbo modeCheats
Victory
Defeat
🇦🇷 Britons · Argentina
714
+18
🇺🇸 Magyars · United States
748
-18
dollabillzz_billyGOAT
0:34 Loom
11:11 Feudal Age
13:28 Horse Collar
13:35 Double-Bit Axe
14:27 Wheelbarrow
18:57 Stone Mining
22:53 Castle Age
22:19 Bloodlines
22:11 Town Watch
23:08 Gold Mining
23:33 Scale Barding Armor
23:23 Fletching
23:14 Light Cavalry
23:55 Husbandry
24:04 Heavy Plow
24:18 Bow Saw
26:05 Hand Cart
28:28 Gold Shaft Mining
33:58 Imperial Age
31:31 Corvinian Army
31:54 Caravan
31:52 Pikeman
34:21 Elite Magyar Huszar
35:23 Conscription
37:14 Hoardings
37:22 Ballistics
36:58 Murder Holes
40:08 Bodkin Arrow
40:34 Chain Barding Armor
41:38 Two-Man Saw
42:06 Crop Rotation
41:43 Halberdier
48:17 Parthian Tactics
49:08 Plate Barding Armor
48:34 Bracer
48:13 Capped Ram
49:48 Onager
50:44 Thumb Ring
51:08 Cavalier
61:13 Paladin
80:34 Heavy Scorpion
Laucha.10
0:27 Loom
11:21 Feudal Age
12:42 Wheelbarrow
12:56 Town Watch
12:59 Double-Bit Axe
13:00 Horse Collar
22:20 Castle Age
21:50 Forging
21:41 Scale Mail Armor
21:34 Fletching
21:54 Padded Archer Armor
26:36 Bow Saw
26:24 Stone Mining
26:28 Gold Mining
26:52 Heavy Plow
29:17 Pikeman
30:04 Squires
29:56 Arson
33:04 Imperial Age
31:33 Bodkin Arrow
31:54 Leather Archer Armor
35:07 Conscription
36:11 Chemistry
35:34 Ballistics
34:38 Elite Longbowman
35:54 Ring Archer Armor
35:26 Bracer
38:24 Chain Mail Armor
38:45 Iron Casting
38:46 Hand Cart
39:38 Two-Man Saw
39:01 Halberdier
41:00 Plate Mail Armor
45:45 Yeomen
46:49 Blast Furnace
48:53 Caravan
70:09 Siege Engineers
70:14 Masonry
70:02 Murder Holes
84:33 Spies/Treason
Connection lost

Rejoining the realm…

Still unreachable

The connection could not be restored.

Session expired

The server has moved on; the page needs a fresh start.